 Dungeon Crawl Stone Soup version 0.17.0-1-g61d176b (webtiles) character file.

128682 HungrySpirit the Bludgeoner (level 17, 0/112 HPs)
             Began as a Gargoyle Fighter on Nov 7, 2015.
             Was the Champion of Okawaru.
             Killed from afar by a bog body (14 damage)
             ... with a bolt of cold
             ... on level 2 of the Swamp.
             The game lasted 00:56:57 (29799 turns).

HungrySpirit the Bludgeoner (Gargoyle Fighter)     Turns: 29799, Time: 00:56:57

Health: 0/112      AC: 36    Str: 25    XL:     17   Next: 4%
Magic:  17/17      EV:  9    Int: 11    God:    Okawaru [******]
Gold:   1174       SH:  0    Dex:  9    Spells: 0 memorised, 16 levels left

rFire  + . .     SeeInvis .     a - +9 great mace (freeze)
rCold  + . .     Clarity  .     A - +0 plate armour
rNeg   + . .     SustAt   .     (shield currently unavailable)
rPois  ∞         Gourm    .     (no helmet)
rElec  +         Spirit   .     L - +2 cloak
rCorr  .         Warding  .     I - +0 pair of gloves
rMut   .         Stasis   .     Q - +0 pair of boots {Fly}
MR     +....                    U - amulet of regeneration
Stlth  ..........               N - ring of protection from fire
                                f - ring of protection from cold

@: very slightly contaminated, somewhat resistant to hostile enchantments,
extremely unstealthy
A: big wings, negative energy resistance 1, electricity resistance, unbreathing,
petrification resistance, rot immunity, AC +12
a: Fly, Heroism, Finesse, Renounce Religion, Evoke Flight


You were on level 2 of the Swamp.
You worshipped Okawaru.
Okawaru was exalted by your worship.
You were not hungry.

You visited 4 branches of the dungeon, and saw 29 of its levels.
You also visited: Labyrinth.

You collected 2912 gold pieces.
You spent 1738 gold pieces at shops.

Inventory:

Hand Weapons
 a - a +9 great mace of freezing (weapon)
 w - a +2 flail of holy wrath
Armour
 A - a +0 plate armour (worn)
 I - a +0 pair of gloves (worn)
 L - a +2 cloak (worn)
 Q - a +0 pair of boots of flying (worn)
Jewellery
 f - a ring of protection from cold (left hand)
 k - a +3 ring of evasion
 u - an uncursed ring of flight
 z - an uncursed ring of protection from magic
 D - an uncursed ring of see invisible
 H - an uncursed amulet of warding
 N - a ring of protection from fire (right hand)
 U - an amulet of regeneration (around neck)
 Y - an uncursed amulet of resist mutation
Wands
 c - a wand of draining (4)
 G - a wand of digging (8)
 O - a wand of disintegration (19)
 W - a wand of teleportation (8)
 X - a wand of paralysis (7)
Scrolls
 h - 4 scrolls of enchant armour
 j - 12 scrolls of remove curse
 q - 4 scrolls of amnesia
 t - 4 scrolls of identify
 y - a scroll of enchant weapon
 C - 4 scrolls of noise
 E - 2 scrolls of magic mapping
 F - 2 scrolls of fear
 J - a scroll of blinking
 K - 5 scrolls of recharging
 R - 2 scrolls of teleportation
 V - a scroll of immolation
Potions
 b - a potion of beneficial mutation
 d - 5 potions of might
 i - 3 potions of invisibility
 l - 3 potions of resistance
 m - 2 potions of haste
 n - 3 potions of flight
 p - 6 potions of curing
 r - a potion of berserk rage
 v - a potion of agility
 x - 5 potions of ambrosia
 B - 8 potions of lignification
 M - a potion of cure mutation
 P - 4 potions of brilliance
 T - 7 potions of heal wounds
 Z - a potion of cancellation
Comestibles
 e - 12 bread rations
 g - 13 meat rations
 o - 7 royal jellies
 s - a beef jerky


   Skills:
 + Level 14.6 Fighting
 * Level 20.6 Maces & Flails
 + Level 14.6 Armour
 + Level 5.4 Dodging
   Level 5.3 Shields


You had 16 spell levels left.
You didn't know any spells.

Dungeon Overview and Level Annotations

Branches:
Dungeon (15/15)            Temple (0/1) D:7            Lair (8/8) D:11
  Swamp (2/4) Lair:5        Snake (0/4) Lair:3        Slime (0/6) Lair:8
    Orc (4/4) D:9             Elf (0/3) Orc:4        Vaults (0/5) D:13
 Depths (0/5) D:15

Altars:
Cheibriados
Dithmenos
Elyvilon
Okawaru
Ru
Vehumet
Zin
The Shining One
Beogh

Shops:
D:4 :   D:6 *   D:8 *   Orc:3 %   Orc:4 :*?}

Annotations:
D:13 exclusion: orange crystal statue
D:15 exclusion: orange crystal statue


Innate Abilities, Weirdness & Mutations

You are resistant to torment.
Your stone body is resilient (AC +12).
You are immune to poison.
Your large and strong wings let you fly indefinitely.
You resist negative energy.
You are resistant to electric shocks.
You can survive without breathing.
You are immune to petrification.
You are immune to rotting.


Message History

The enormous slime creature is moderately wounded.
The enormous slime creature hits you!!!
Unknown command.
You sock the enormous slime creature! You freeze the enormous slime creature.
The enormous slime creature is heavily wounded.
The slime creature hits you but does no damage.
The enormous slime creature hits you!!!
* * * LOW HITPOINT WARNING * * *
Unknown command.
You are too injured to fight recklessly!
Unknown command.
You are too injured to fight recklessly!
Read which item? (? for menu, Esc to quit)
Blink to where?
Press: ? - help, Dir - move target cursor You are very lightly contaminated with residual magic.
As you read the scroll of blinking, it crumbles to dust.
The bog body gestures at you while chanting.
The bolt of cold hits you! You resist.
You die...

≈≈≈≈≈....≈.≈.≈w
≈≈≈.≈..≈.≈≈§≈...
≈≈≈....≈≈≈.≈..♣
.≈≈....≈.≈≈≈.♣
...♣........♣
♣....≈≈.≈≈.♣
♣.≈≈.≈≈.♣
♣n§§@≈..♣
♣.≈.≈≈≈♣♣
♣.≈.♣≈.♣
♣≈≈.≈≈.♣
♣§..≈♣.♣
♣§≈.≈JJJ..≈≈♣
♣≈≈≈≈≈.≈♣♣≈♣♣
..§≈.§..≈≈ .♣
.≈≈.≈≈♣......


You could see an enormous slime creature, 2 slime creatures, a bog body and a
swamp worm.

Vanquished Creatures
  Rupert (Orc:3)
  A thorn hunter (Swamp:1)
  Donald (Swamp:1)
  Maud (Lair:8)
  A frost giant (D:15)
  Aizul (Swamp:1)
  A salamander stormcaller (D:14)
  The ghost of emiel the Severer, a journeyman MiBe of Trog (D:15)
  A vault guard (D:13)
  A fire dragon (Lair:8)
  Fannar (Lair:2)
  A great orb of eyes (D:13)
  A minotaur (Lab)
  12 hydras
  3 centaur warriors
  The ghost of BobbyTwoHands the Frost Mage, a journeyman HuIE of Sif Muna (D:11)
  An ogre mage (D:14)
  A tengu warrior (D:13)
  3 alligators (Swamp:1)
  A queen ant (Lair:8)
  10 death yaks
  2 spriggans (Swamp:1)
  Nergalle (Orc:3)
  4 skeletal warriors (D:13)
  11 orc knights
  A hill giant (shapeshifter) (D:13)
  4 unseen horrors
  The ghost of andalon the Cleaver, a novice MiFi of Dithmenos (D:7)
  A lindwurm (Lair:4)
  3 hill giants
  A wolf spider zombie (D:14)
  5 manticores
  3 ugly things
  7 griffons
  A hornet (Swamp:1)
  A wizard (D:15)
  4 cyclopes
  5 elephants
  Maurice (Orc:3)
  3 torpor snails
  A black mamba (shapeshifter) (D:14)
  16 spiny frogs
  A yaktaur (D:13)
  7 black mambas
  5 kobold demonologists
  7 komodo dragons
  7 fire drakes
  8 trolls
  3 tengu conjurers
  9 polar bears
  15 blink frogs
  A giant leech (Swamp:1)
  5 two-headed ogres
  A bog body (Swamp:1)
  A trapdoor spider zombie (D:14)
  7 slime creatures
  A raiju (Lair:8)
  A centaur simulacrum (D:12)
  70 yaks
  A shadow (D:13)
  6 trapdoor spiders
  3 deep elf magi
  7 wyverns
  2 mottled dragons (Lair:8)
  4 steam dragons
  16 hippogriffs
  9 basilisks
  A wraith (D:15)
  15 vampire mosquitoes
  16 wargs
  4 insubstantial wisps (Swamp:1)
  A hungry ghost (D:14)
  8 soldier ants
  5 swamp worms
  19 wolves
  16 porcupines
  3 phantoms
  12 water moccasins
  13 black bears
  8 sky beasts
  4 wasps
  7 hell hounds
  33 orc warriors
  An ice beast (D:11)
  2 swamp drakes (Swamp:1)
  7 centaurs
  18 ogres
  26 crocodiles
  5 big kobolds
  15 giant frogs
  2 brain worms (D:12)
  A wyvern zombie (D:8)
  A gnoll sergeant (D:10)
  6 scorpions
  A wyvern skeleton (D:12)
  4 wights
  5 centaur zombies
  3 electric eels (Lair:7)
  6 crimson imps
  A giant frog zombie (D:5)
  4 lava snakes (Lab)
  A giant frog skeleton (D:13)
  7 jellies
  17 orc wizards
  6 centaur skeletons
  6 iguanas
  25 orc priests
  17 hounds
  37 worker ants
  Natasha (thrice) (D:2)
  31 sheep
  A hound zombie (D:7)
  19 adders
  52 river rats
  A worker ant zombie (D:7)
  12 gnolls
  3 shadow imps
  An adder zombie (D:7)
  3 adder skeletons
  3 worms
  6 giant geckos
  192 orcs
  3 ball pythons (D:6)
  11 goblins
  7 hobgoblins
  33 kobolds
  A ball python zombie (D:5)
  11 bats
  4 giant cockroaches
  6 giant newts
  13 jackals
  6 quokkas
  6 rats
1135 creatures vanquished.

Vanquished Creatures (others)
  A spiny frog (Lair:7)
  A basilisk (Lair:8)
  A swamp drake (Lair:8)
  2 fire vortices (D:14)
  17 fungi
  22 plants
44 creatures vanquished.

Grand Total: 1179 creatures vanquished

Notes
Turn   | Place    | Note
--------------------------------------------------------------
     0 | D:1      | HungrySpirit the Gargoyle Fighter began the quest for the Orb.
     0 | D:1      | Reached XP level 1. HP: 14/14 MP: 1/1
    96 | D:1      | Reached XP level 2. HP: 19/19 MP: 2/2
   890 | D:2      | Reached XP level 3. HP: 20/23 MP: 3/3
   922 | D:2      | Found a white marble altar of Elyvilon.
  1020 | D:2      | Found a faded altar to an unknown god.
  1287 | D:2      | Found a glowing golden altar of the Shining One.
  1305 | D:2      | Reached skill level 4 in Maces & Flails
  1577 | D:2      | Reached XP level 4. HP: 28/28 MP: 4/4
  1718 | D:2      | Noticed Natasha
  1741 | D:2      | Reached skill level 5 in Maces & Flails
  1741 | D:2      | Reached XP level 5. HP: 27/32 MP: 5/5
  1749 | D:2      | Killed Natasha
  1756 | D:2      | Noticed Natasha
  1762 | D:2      | HP: 1/32 [Natasha/magic dart (10)]
  1763 | D:2      | Killed Natasha
  2088 | D:2      | Noticed Natasha
  2096 | D:2      | Killed Natasha
  2397 | D:3      | Found an iron altar of Okawaru.
  2412 | D:3      | Became a worshipper of Warmaster Okawaru
  2558 | D:3      | Reached skill level 6 in Maces & Flails
  2673 | D:3      | Reached XP level 6. HP: 31/37 MP: 6/6
  3479 | D:4      | Reached skill level 7 in Maces & Flails
  3802 | D:4      | Reached XP level 7. HP: 37/41 MP: 7/7
  3918 | D:4      | Found Xyeloo's Book Shop.
  4059 | D:5      | Entered Level 5 of the Dungeon
  4126 | D:5      | Reached * piety under Okawaru
  4126 | D:5      | Reached skill level 8 in Maces & Flails
  4599 | D:5      | Reached skill level 9 in Maces & Flails
  4604 | D:5      | Reached XP level 8. HP: 44/46 MP: 8/8
  4700 | D:5      | Found a snail-covered altar of Cheibriados.
  4997 | D:5      | Reached ** piety under Okawaru
  5191 | D:6      | Found a radiant altar of Vehumet.
  5202 | D:6      | Reached skill level 10 in Maces & Flails
  5426 | D:6      | Found Wituich's Serpentskin Sales.
  5632 | D:6      | Found a glowing silver altar of Zin.
  5723 | D:6      | Found a shadowy altar of Dithmenos.
  5852 | D:7      | Found a staircase to the Ecumenical Temple.
  5854 | D:7      | Noticed andalon's ghost (novice MiFi)
  5877 | D:6      | Reached skill level 11 in Maces & Flails
  5877 | D:6      | Reached XP level 9. HP: 51/51 MP: 9/9
  5891 | D:7      | Killed andalon's ghost
  5891 | D:7      | Reached *** piety under Okawaru
  6123 | D:7      | Reached skill level 12 in Maces & Flails
  7238 | D:8      | Reached **** piety under Okawaru
  7344 | D:8      | Found Yruucyc's General Store.
  7367 | D:8      | Bought a scroll of enchant weapon for 97 gold pieces
  7367 | D:8      | Bought a potion of brilliance for 52 gold pieces
  7407 | D:8      | Reached XP level 10. HP: 33/58 MP: 10/10
  7928 | D:8      | Reached skill level 13 in Maces & Flails
  8104 | D:8      | Gained mutation: You have large cloven feet. [potion of mutation]
  8104 | D:8      | Gained mutation: You are dopey. (Int -2) [potion of mutation]
  8104 | D:8      | Gained mutation: Armour fits poorly on your strangely shaped body. [potion of mutation]
  8105 | D:8      | Lost mutation: You have large cloven feet. [potion of cure mutation]
  8105 | D:8      | Lost mutation: Armour fits poorly on your strangely shaped body. [potion of cure mutation]
  8105 | D:8      | Lost mutation: You are dopey. (Int -2) [potion of cure mutation]
  8178 | D:9      | Found a staircase to the Orcish Mines.
  8249 | D:9      | Reached skill level 5 in Armour
  8355 | D:9      | Reached skill level 5 in Fighting
  8380 | D:9      | Found a sacrificial altar of Ru.
  8450 | D:9      | Reached skill level 5 in Shields
  8913 | D:9      | Found a roughly hewn altar of Beogh.
  9128 | Orc:1    | Entered Level 1 of the Orcish Mines
  9177 | Orc:1    | Reached ***** piety under Okawaru
 10137 | Orc:3    | Noticed an orc knight
 10185 | Orc:1    | Killed an orc knight
 10185 | Orc:1    | Reached XP level 11. HP: 23/65 MP: 9/11
 10384 | D:10     | Entered Level 10 of the Dungeon
 10516 | D:10     | Reached skill level 14 in Maces & Flails
 10575 | D:10     | Noticed an unseen horror
 10594 | D:10     | Killed an unseen horror
 11359 | D:11     | Received a gift from Okawaru
 11661 | D:11     | Found a staircase to the Lair.
 12085 | D:11     | Noticed a soul eater
 12243 | D:11     | Noticed BobbyTwoHands's ghost (journeyman HuIE)
 12258 | D:11     | Killed BobbyTwoHands's ghost
 12258 | D:11     | Received a gift from Okawaru
 12258 | D:11     | Reached skill level 15 in Maces & Flails
 12384 | D:11     | Noticed an unseen horror
 12402 | D:11     | Killed an unseen horror
 12402 | D:11     | Reached XP level 12. HP: 48/75 MP: 12/12
 12724 | Lair:1   | Entered Level 1 of the Lair of Beasts
 13074 | Lair:1   | Noticed a six-headed hydra
 13118 | Lair:1   | Killed a six-headed hydra
 13756 | Lair:2   | Noticed Fannar
 13801 | Lair:2   | Killed Fannar
 14247 | Lair:2   | Reached skill level 16 in Maces & Flails
 14492 | Lair:2   | Identified a scroll of acquirement
 14759 | Lair:3   | Found a snail-covered altar of Cheibriados.
 14784 | Lair:3   | Found a staircase to the Snake Pit.
 14801 | Lair:3   | Noticed a seven-headed hydra
 14808 | Lair:3   | Killed a seven-headed hydra
 14808 | Lair:3   | Received a gift from Okawaru
 14808 | Lair:3   | Reached skill level 10 in Armour
 15084 | Lair:3   | Reached XP level 13. HP: 62/82 MP: 13/13
 15104 | Lair:3   | Reached skill level 10 in Fighting
 16191 | Lair:5   | Found a staircase to the Swamp.
 16282 | Lair:5   | Received a gift from Okawaru
 16915 | Lair:6   | Reached skill level 17 in Maces & Flails
 17933 | Lair:7   | Gained mutation: Your large and strong wings let you fly indefinitely. [Gargoyle growth]
 17933 | Lair:7   | Reached XP level 14. HP: 72/90 MP: 14/14
 17976 | Lair:6   | Reached ****** piety under Okawaru
 18316 | Lair:7   | Reached skill level 18 in Maces & Flails
 18422 | Lair:7   | Received a gift from Okawaru
 18676 | Lair:7   | Received a gift from Okawaru
 19055 | Lair:8   | Entered Level 8 of the Lair of Beasts
 19055 | Lair:8   | Noticed Maud
 19071 | Lair:8   | Killed Maud
 19224 | Lair:8   | Received a gift from Okawaru
 19613 | Lair:8   | Found a staircase to the Slime Pits.
 19949 | Lair:8   | Received a gift from Okawaru
 19975 | Lair:8   | Reached XP level 15. HP: 66/97 MP: 13/15
 20275 | Lair:8   | Reached skill level 19 in Maces & Flails
 21433 | Orc:2    | Reached skill level 1 in Dodging
 21975 | Orc:3    | Found Xijelug's Food Boutique.
 22130 | Orc:3    | Noticed Maurice
 22140 | Orc:3    | Killed Maurice
 22230 | Orc:3    | Noticed Rupert
 22242 | Orc:3    | Killed Rupert
 22242 | Orc:3    | Received a gift from Okawaru
 22285 | Orc:3    | Noticed Nergalle
 22324 | Orc:3    | Killed Nergalle
 22381 | Orc:3    | Found a radiant altar of Vehumet.
 22559 | Orc:4    | Entered Level 4 of the Orcish Mines
 22559 | Orc:4    | Found a staircase to the Elven Halls.
 22807 | Orc:4    | Found a radiant altar of Vehumet.
 23195 | Orc:4    | Found Haucw's Book Shoppe.
 23195 | Orc:4    | Found Nuomep's Assorted Antiques.
 23229 | Orc:4    | Found a roughly hewn altar of Beogh.
 23378 | Orc:4    | Found Kulek's Magic Scroll Shoppe.
 23378 | Orc:4    | Found Meastrurgh's Gadget Boutique.
 23385 | Orc:4    | Bought a wand of disintegration (19) for 345 gold pieces
 23412 | Orc:4    | Received a gift from Okawaru
 23418 | Orc:4    | Bought a scroll of enchant weapon for 112 gold pieces
 23418 | Orc:4    | Bought a scroll of identify for 30 gold pieces
 23475 | Orc:4    | Bought a potion of heal wounds for 190 gold pieces
 23475 | Orc:4    | Bought a scroll of enchant armour for 285 gold pieces
 23475 | Orc:4    | Bought a scroll labeled USTEBLEBRUXT for 38 gold pieces
 23475 | Orc:4    | Bought a potion of might for 152 gold pieces
 23475 | Orc:4    | Bought a potion of might for 152 gold pieces
 23475 | Orc:4    | Bought a scroll of enchant armour for 285 gold pieces
 24844 | D:13     | Paralysed by a great orb of eyes for 6 turns
 25066 | D:13     | Reached XP level 16. HP: 97/105 MP: 16/16
 25094 | D:13     | Found a gate to the Vaults.
 26020 | D:14     | Reached skill level 20 in Maces & Flails
 27347 | D:15     | Entered Level 15 of the Dungeon
 27369 | D:15     | Received a gift from Okawaru
 27427 | D:15     | Found a labyrinth entrance.
 27436 | Lab      | Entered a labyrinth
 27640 | Lab      | Got a jewelled scale mail
 27647 | Lab      | Identified the cursed +0 scale mail "Bydoridgh" {*Confuse rC+++ Int-3 SInv} (You took it off a minotaur in a labyrinth)
 27905 | D:15     | Noticed emiel's ghost (journeyman MiBe)
 27920 | D:15     | Killed emiel's ghost
 27977 | D:15     | Found a staircase to the Depths.
 28856 | Swamp:1  | Entered Level 1 of the Swamp
 28873 | Swamp:1  | Noticed Donald
 28889 | Swamp:1  | Noticed Aizul
 28894 | Swamp:1  | Killed Donald
 28900 | Swamp:1  | Killed Aizul
 29052 | Swamp:1  | Reached skill level 5 in Dodging
 29091 | Swamp:1  | Noticed a thorn hunter
 29116 | Swamp:1  | Killed a thorn hunter
 29569 | Swamp:1  | Reached XP level 17. HP: 108/112 MP: 17/17
 29799 | Swamp:2  | Killed from afar by a bog body

Action                   |  1- 3 |  4- 6 |  7- 9 | 10-12 | 13-15 | 16-18 || total
-------------------------+-------+-------+-------+-------+-------+-------++-------
Melee: Flail             |   115 |   251 |   309 |  1084 |       |       ||  1759
       Great mace        |       |       |       |    65 |  1952 |   623 ||  2640
Invok: Heroism           |       |       |     2 |     8 |     8 |     5 ||    23
       Finesse           |       |       |       |       |     1 |       ||     1
 Abil: Stop Flying       |       |       |       |       |     1 |       ||     1
  Use: Potion            |       |     1 |     1 |     9 |       |       ||    11
       Scroll            |       |       |     3 |    17 |    10 |    15 ||    45
 Stab: Paralysed         |       |       |       |     1 |       |       ||     1
       Sleeping          |       |       |       |     1 |       |       ||     1
       Confused          |       |       |       |       |     2 |       ||     2
  Eat: Chunk             |     2 |     7 |     9 |    23 |    27 |       ||    68
       Pizza             |       |       |     2 |       |       |     1 ||     3
       Beef jerky        |       |       |       |     3 |       |     5 ||     8
       Bread ration      |       |       |       |       |     1 |       ||     1
       Fruit             |       |       |       |       |    13 |       ||    13
       Royal jelly       |       |       |       |       |       |     5 ||     5
